Map: Inside and Out

Players

DPGJieShi (Jieshi) - Winner!

  • Race: Protoss Protoss
  • Spawn Location: 7:00

Epic

  • Race: Terran Terran
  • Spawn Location: 1:00

Event: DreamHack SC2 Masters 2022 Atlanta (Offline)

VOD

Have the link to the VOD?

Description

Time

  • Played on: Nov. 18, 2022, 10:58 a.m.
  • Length: 13:12

All games in this series

Show
View Real Time Build Order
Export as new Build Order

DPGJieShi Protoss - Winner!

Build Orders: 1 Gate Expand, Blink Stalkers, Colossus Rush 

Get SALT Encoding   

  12  0:00  Probe  
  13  0:12  Probe  
  14  0:18  Pylon  
  14  0:24  Probe (Chrono Boost)  
  15  0:37  Probe (Chrono Boost), Gateway  
  16  0:44  Probe (Chrono Boost)  
  16  0:46  Assimilator  
  17  0:51  Probe  
  18  1:03  Probe  
  19  1:15  Probe  
  20  1:26  Cybernetics Core  
  20  1:33  Nexus  
  20  1:40  Pylon  
  20  1:41  Probe  
  21  1:49  Assimilator  
  21  1:53  Probe  
  21  2:00  Adept (Chrono Boost)  
  21  2:03  Warp Gate  
  21  2:05  Probe  
  24  2:16  Shield Battery  
  24  2:17  Probe  
  25  2:24  Twilight Council  
  25  2:29  Probe  
  26  2:35  Stalker  
  29  2:45  Probe (Chrono Boost)  
  29  2:46  Probe (Chrono Boost)  
  30  2:54  Gateway  
  30  2:56  Probe (Chrono Boost)  
  30  2:58  Probe (Chrono Boost)  
  32  3:01  Probe (Chrono Boost), Blink (Chrono Boost)  
  31  3:10  Probe  
  32  3:13  Probe  
  33  3:20  Robotics Facility  
  33  3:22  Probe  
  33  3:25  Probe  
  35  3:34  Probe  
  35  3:37  Probe  
  37  3:46  Probe  
  38  3:49  Probe  
  38  3:53  Stalker x2  
  43  3:55  Pylon  
  43  3:58  Probe  
  43  4:01  Probe  
  45  4:04  Nexus  
  45  4:08  Pylon  
  45  4:11  Observer  
  45  4:13  Probe x2  
  45  4:16  Assimilator  
  48  4:18  Assimilator  
  48  4:22  Stalker  
  49  4:38  Probe x2  
  49  4:40  Stalker  
  49  4:50  Robotics Bay, Probe x2  
  51  4:54  Stalker  
  53  5:02  Probe x2  
  54  5:12  Observer  
  55  5:15  Probe (Chrono Boost)  
  55  5:16  Pylon  
  55  5:17  Probe (Chrono Boost)  
  55  5:19  Probe (Chrono Boost)  
  58  5:25  Charge  
  58  5:26  Probe (Chrono Boost)  
  58  5:27  Forge, Probe (Chrono Boost)  
  61  5:29  Probe (Chrono Boost)  
  61  5:32  Sentry  
  64  5:35  Observer, Probe  
  64  5:37  Colossus (Chrono Boost)  
  64  5:38  Probe  
  71  5:43  Pylon  
  71  5:44  Probe  
  71  5:49  Shield Battery, Probe  
  73  5:51  Probe  
  73  5:56  Probe  
  75  5:58  Observer  
  75  6:01  Extended Thermal Lance  
  75  6:02  Gateway  
  75  6:04  Gateway  
  75  6:08  Sentry  
  75  6:09  Sentry  
  79  6:12  Gateway  
  79  6:15  Gateway  
  79  6:17  Observer, Probe x2  
  82  6:18  Probe  
  82  6:25  Colossus (Chrono Boost)  
  88  6:33  Photon Cannon  
  88  6:35  Shield Battery  
  88  6:36  Pylon  
  87  6:46  Zealot x2  
  91  6:48  Pylon  
  91  6:58  Observer  
  91  7:00  Protoss Ground Weapons Level 1 (Chrono Boost)  
  91  7:02  Zealot, Stalker  
  91  7:04  Observer  
  93  7:09  Colossus (Chrono Boost)  
  93  7:12  Zealot x3  
  105  7:17  Zealot  
  107  7:30  Zealot  
  107  7:31  Zealot  
  107  7:35  Zealot x2  
  101  7:40  Zealot x2  
  81  7:52  Zealot x2  
  81  7:54  Colossus (Chrono Boost)  
  81  7:56  Zealot x2  
  83  7:59  Probe x2  
  85  8:07  Zealot x2  
  85  8:10  Gateway  
  87  8:13  Zealot, Gateway  
  87  8:14  Zealot  
  87  8:19  Observer  
  91  8:23  Zealot x2  
  93  8:29  Pylon  
  93  8:32  Nexus, Zealot x2  
  93  8:33  Templar Archives  
  96  8:34  Probe x3  
  96  8:36  Pylon  
  96  8:39  Gateway  
  96  8:40  Gateway  
  98  8:44  Colossus (Chrono Boost)  
  104  8:50  Probe, Stalker x2  
  104  8:51  Stalker x2  
  113  8:56  Protoss Ground Armor Level 1 (Chrono Boost)  
  113  8:59  Probe x2  
  113  9:02  Probe  
  116  9:05  Zealot x3  
  122  9:10  Zealot  
  122  9:16  Pylon  
  124  9:19  Zealot x2  
  122  9:28  Pylon  
  122  9:30  High Templar, Pylon  
  124  9:31  Warp Prism  
  124  9:39  High Templar  
  124  9:40  High Templar x2  
  124  9:44  Archon x2  
  132  9:46  Zealot x2, High Templar x2  
  132  9:47  Zealot x2  
  132  9:51  Archon, Pylon  
  144  9:56  Pylon  
  144  10:00  Observer  
  144  10:03  Photon Cannon  
  144  10:04  Probe  
  145  10:08  Photon Cannon  
  145  10:09  Zealot x4  
  145  10:10  Shield Battery  
  153  10:14  High Templar x2  
  153  10:15  Zealot  
  153  10:16  Probe, Pylon  
  153  10:18  Archon  
  160  10:22  Stalker  
  160  10:23  Stalker  
  160  10:24  Zealot  
  160  10:27  Pylon  
  166  10:34  Zealot x2, Stalker x2  
  132  10:44  Zealot x2  
  132  10:49  Zealot x4  
  128  10:55  Zealot, Robotics Facility  
  128  10:56  Zealot  
  128  10:57  Zealot x2  
  132  10:58  Photon Cannon  
  132  11:00  Disruptor (Chrono Boost)  
  137  11:04  Probe  
  137  11:07  Zealot x2  
  142  11:11  Zealot x2  
  142  11:16  Probe, Pylon  
  147  11:25  Zealot x4  
  151  11:26  Zealot x2  
  151  11:29  Disruptor  
  159  11:33  Assimilator  
  159  11:37  Assimilator  
  159  11:38  Zealot x2  
  159  11:39  Zealot  
  163  11:44  Pylon  
  163  11:45  Stalker x3  
  167  11:48  Pylon  
  165  11:57  Zealot x3  
  147  12:01  Zealot  
  147  12:02  Zealot x2  
  147  12:06  Disruptor (Chrono Boost)  
  139  12:12  Probe  
  137  12:22  Disruptor (Chrono Boost)  
  137  12:24  Probe  
  141  12:30  Zealot x3  
  141  12:31  Zealot x2  
  141  12:34  Zealot x5  
  141  12:35  Disruptor  
  161  12:41  Nexus  
Show
View Real Time Build Order
Export as new Build Order

Epic Terran 

Build Orders:  

Get SALT Encoding   

  12  0:00  SCV  
  13  0:12  SCV  
  14  0:17  Supply Depot  
  14  0:24  SCV  
  15  0:38  SCV  
  15  0:40  Barracks  
  16  0:44  Refinery  
  16  0:51  SCV  
  17  1:03  SCV  
  18  1:15  SCV  
  19  1:26  Marine  
  19  1:27  Orbital Command  
  20  1:43  Command Center  
  20  1:44  Barracks Reactor  
  20  1:54  SCV  
  20  1:55  Supply Depot  
  21  2:04  Factory  
  21  2:07  SCV  
  22  2:15  Refinery  
  22  2:19  SCV  
  22  2:20  Marine x2  
  25  2:31  SCV  
  26  2:40  Marine x2  
  26  2:44  SCV  
  29  2:48  Widow Mine, Starport  
  31  2:54  Orbital Command  
  31  2:56  SCV  
  32  3:00  Marine  
  32  3:06  Supply Depot  
  32  3:09  SCV  
  32  3:11  Widow Mine  
  35  3:15  Orbital Command  
  35  3:16  Marine  
  35  3:17  Marine  
  37  3:22  SCV  
  37  3:24  Medivac  
  40  3:32  Widow Mine  
  42  3:38  Marine x2  
  44  3:42  SCV x2  
  44  3:43  Supply Depot  
  46  3:53  Barracks  
  45  3:55  Factory Tech Lab, Starport Tech Lab  
  45  3:57  SCV  
  45  3:58  SCV  
  47  4:09  SCV  
  48  4:10  Refinery, SCV  
  48  4:13  Barracks  
  48  4:14  Raven  
  51  4:20  Siege Tank  
  51  4:22  SCV  
  55  4:24  Supply Depot  
  55  4:28  SCV  
  56  4:32  Marine x2  
  56  4:34  SCV  
  57  4:41  SCV  
  57  4:43  Supply Depot  
  56  4:46  SCV  
  56  4:47  Engineering Bay, Barracks Tech Lab  
  57  4:53  SCV, Marine  
  57  4:54  Siege Tank, Marine  
  57  4:58  SCV  
  64  5:05  Stimpack  
  64  5:06  Marauder  
  65  5:07  SCV  
  65  5:10  SCV  
  65  5:11  Refinery  
  65  5:12  Marauder, Marine  
  65  5:14  Starport Reactor  
  67  5:15  Marine  
  67  5:20  Supply Depot, SCV  
  69  5:22  SCV  
  69  5:24  Terran Infantry Weapons Level 1  
  70  5:30  Marauder  
  70  5:33  Supply Depot  
  70  5:34  Marauder, Marine  
  70  5:35  Marine  
  76  5:38  SCV x2  
  76  5:40  Combat Shield  
  78  5:50  SCV  
  78  5:51  SCV  
  78  5:52  Siege Tank  
  83  5:59  Command Center  
  83  6:02  Supply Depot  
  83  6:03  Marine  
  83  6:04  Marine x2  
  86  6:06  Marine  
  86  6:07  SCV  
  86  6:08  SCV  
  86  6:10  Medivac  
  91  6:13  Medivac  
  91  6:17  Missile Turret  
  93  6:22  SCV  
  93  6:24  SCV, Marauder  
  99  6:25  Marauder  
  99  6:27  Marine  
  99  6:28  Marine  
  101  6:35  Supply Depot  
  101  6:37  Supply Depot  
  101  6:42  Siege Tank  
  102  6:48  Concussive Shells  
  102  6:51  Supply Depot  
  102  6:52  SCV  
  102  6:54  SCV  
  102  6:56  Medivac x2  
  105  7:02  Marauder x2  
  107  7:10  SCV x2  
  107  7:14  Barracks  
  107  7:15  Barracks  
  109  7:18  Siege Tank  
  112  7:25  Terran Infantry Armor Level 1  
  112  7:29  Marauder  
  116  7:30  Marauder  
  116  7:35  Marine x2  
  106  7:43  Medivac x2  
  100  7:44  SCV  
  100  7:45  SCV, Orbital Command  
  93  7:53  Siege Tank  
  93  7:58  SCV x2  
  96  8:03  Barracks Reactor, Barracks Tech Lab, Marauder x2, Marine x2  
  95  8:14  Viking x2  
  95  8:16  SCV x3  
  95  8:18  Refinery  
  95  8:20  Refinery  
  95  8:22  Marauder, Marine x2  
  95  8:24  Marauder, Marine  
  100  8:30  SCV x3  
  100  8:32  Siege Tank  
  100  8:33  Missile Turret  
  106  8:40  Marine x2  
  106  8:41  Marine x2  
  110  8:42  Marauder  
  110  8:44  Marauder  
  110  8:45  Marauder  
  116  8:50  Ghost Academy  
  116  8:51  Bunker  
  116  8:53  Medivac  
  116  8:54  Medivac  
  120  8:58  Supply Depot, Marine x4  
  120  9:01  Supply Depot  
  124  9:03  Marauder  
  124  9:05  Marauder, Siege Tank  
  131  9:12  Supply Depot  
  131  9:16  Marine x4  
  135  9:17  Missile Turret  
  134  9:25  Marauder x2  
  134  9:27  Medivac x2, Marauder  
  144  9:33  Marine  
  144  9:34  Marine  
  142  9:40  Marine x2  
  144  9:46  Marauder x2  
  144  9:48  Command Center, Marauder  
  150  9:55  Supply Depot x2  
  150  9:57  Supply Depot  
  150  9:59  Marine x4  
  154  10:02  Enhanced Shockwaves  
  154  10:05  Supply Depot  
  154  10:07  Ghost x2  
  154  10:09  Ghost  
  154  10:10  Supply Depot  
  154  10:11  Viking  
  154  10:13  Viking  
  164  10:19  Armory  
  164  10:22  Engineering Bay  
  164  10:25  SCV x2  
  164  10:26  SCV, Marine x2  
  164  10:27  Marine x2  
  152  10:42  Marauder x2  
  144  10:49  Marauder, Marine x2  
  129  10:52  Viking  
  129  10:56  Viking  
  132  11:03  SCV x3, Marauder x2  
  139  11:15  Missile Turret  
  135  11:26  Marauder x2  
  135  11:27  Marauder  
  135  11:31  Marine x4  
  145  11:39  Viking x2, Siege Tank  
  146  11:48  Marauder x2  
  146  11:49  Marauder, Marine x2  
  146  12:00  Marine  
  90  12:08  Marine  
  90  12:09  Marauder x2, Marine x2  
  90  12:10  Marauder  
  90  12:15  Medivac  
  99  12:18  Marine, Planetary Fortress  
  100  12:25  Medivac  
  100  12:26  Marine x2  
  100  12:27  Marine  
  101  12:30  Marine  
  101  12:31  Marauder  
  101  12:33  Ghost  
  106  12:38  SCV x2  
  108  12:44  Marine x3  
  108  12:45  Marine  
Tags
 
Add a new tag
Caveats
  • Supply blocks, unpowered buildings, or Contaminate may cause inaccurate times.
  • Supply counts are checked every 10 seconds.